Map: [ESL] Dragon Scales

Players

ShoWTimE

  • Race: Protoss Protoss
  • League: Grandmaster
  • Spawn Location: 5:00

Reynor - Winner!

  • Race: Zerg Zerg
  • League: Master
  • Spawn Location: 11:00

Event: HomeStory Cup XXIII

VOD

Have the link to the VOD?

Description

Time

  • Played on: July 2, 2023, 1:52 p.m.
  • Length: 9:16

All games in this series

Show
View Real Time Build Order
Export as new Build Order

ShoWTimE Protoss 

Build Orders: 1 Gate Expand, Oracle Opening 

Get SALT Encoding   

  12  0:00  Probe  
  13  0:12  Probe  
  14  0:17  Pylon  
  14  0:24  Probe (Chrono Boost)  
  15  0:36  Probe (Chrono Boost)  
  15  0:38  Gateway  
  16  0:45  Probe (Chrono Boost)  
  16  0:47  Assimilator  
  17  0:51  Probe  
  18  1:03  Probe  
  19  1:15  Probe  
  20  1:23  Nexus  
  20  1:33  Cybernetics Core  
  20  1:36  Probe  
  21  1:41  Assimilator  
  21  1:48  Probe  
  21  1:50  Pylon  
  22  2:00  Probe  
  23  2:06  Adept (Chrono Boost)  
  23  2:12  Probe  
  26  2:19  Stargate  
  26  2:25  Probe (Chrono Boost)  
  26  2:27  Adept (Chrono Boost)  
  29  2:33  Warp Gate  
  29  2:35  Probe (Chrono Boost)  
  31  2:42  Probe (Chrono Boost)  
  32  2:45  Probe (Chrono Boost)  
  32  2:49  Probe (Chrono Boost), Adept  
  32  2:50  Probe (Chrono Boost)  
  36  3:01  Probe  
  36  3:02  Probe  
  36  3:04  Oracle (Chrono Boost)  
  38  3:06  Pylon  
  41  3:13  Probe  
  41  3:14  Probe  
  41  3:19  Adept  
  45  3:22  Gateway  
  45  3:25  Probe  
  45  3:26  Probe  
  47  3:31  Pylon  
  47  3:37  Probe, Oracle (Chrono Boost)  
  47  3:38  Probe  
  52  3:49  Probe  
  52  3:50  Probe  
  54  4:00  Nexus  
  54  4:02  Probe x2  
  56  4:04  Pylon  
  56  4:07  Oracle (Chrono Boost)  
  56  4:15  Probe  
  56  4:16  Probe  
  61  4:19  Assimilator  
  61  4:21  Assimilator  
  61  4:24  Adept x2  
  63  4:29  Probe x2  
  67  4:34  Pylon  
  67  4:43  Probe  
  67  4:44  Probe  
  69  4:51  Forge  
  69  4:52  Twilight Council  
  69  4:55  Probe, Pylon  
  69  4:57  Probe  
  69  4:58  Gateway  
  71  5:02  Gateway  
  71  5:08  Stalker x2  
  71  5:09  Probe (Chrono Boost)  
  71  5:13  Probe (Chrono Boost)  
  78  5:14  Probe (Chrono Boost)  
  78  5:20  Blink (Chrono Boost)  
  79  5:24  Probe x2 (Chrono Boost), Pylon  
  79  5:25  Probe (Chrono Boost)  
  79  5:26  Protoss Ground Weapons Level 1  
  81  5:28  Probe (Chrono Boost)  
  81  5:31  Probe  
  81  5:34  Probe  
  84  5:37  Shield Battery  
  84  5:40  Probe, Assimilator  
  85  5:43  Probe  
  85  5:44  Assimilator  
  85  5:46  Probe  
  87  5:50  Robotics Facility  
  87  5:52  Probe  
  87  5:55  Probe  
  89  5:58  Probe  
  86  6:04  Probe  
  86  6:05  Stalker x3  
  86  6:10  Photon Cannon  
  93  6:11  Stalker  
  95  6:19  Gateway  
  95  6:22  Gateway  
  95  6:30  Stalker x3  
  101  6:35  Pylon, Stalker  
  101  6:38  Nexus  
  103  6:43  Observer, Robotics Bay  
  104  6:47  Pylon  
  104  6:49  Probe x3, Dark Shrine  
  107  6:57  Charge (Chrono Boost)  
  107  6:59  Photon Cannon  
  107  7:02  Shield Battery  
  107  7:04  Probe x2  
  107  7:05  Probe  
  110  7:10  Warp Prism (Chrono Boost)  
  110  7:12  Gateway  
  112  7:17  Probe, Gateway  
  112  7:18  Gateway  
  112  7:19  Probe  
  114  7:29  Gateway  
  114  7:36  Gateway  
  114  7:39  Probe x3, Disruptor (Chrono Boost)  
  114  7:40  Pylon  
  114  7:43  Assimilator  
  120  7:44  Assimilator  
  120  7:54  Probe x3  
  123  8:03  Dark Templar x5  
  133  8:07  Archon x2  
  133  8:09  Disruptor (Chrono Boost), Dark Templar  
  133  8:12  Photon Cannon  
  138  8:13  Photon Cannon  
  138  8:16  Archon, Shield Battery  
  138  8:24  Pylon  
  138  8:27  Dark Templar x3, Shield Battery  
  138  8:30  Zealot x2  
  138  8:32  Archon  
  148  8:37  Shield Battery  
  148  8:40  Shield Battery  
  148  8:42  Dark Templar  
  148  8:43  Stalker  
  155  8:52  Archon  
  155  8:55  Stalker x5  
  110  9:05  Stalker x4  
  110  9:09  Stalker  
Show
View Real Time Build Order
Export as new Build Order

Reynor Zerg - Winner!

Build Orders: Hatch First 

Get SALT Encoding   

  12  0:00  Drone  
  13  0:12  Overlord  
  13  0:16  Drone  
  14  0:30  Drone x2  
  16  0:48  Hatchery  
  15  0:51  Drone  
  15  0:55  Drone  
  17  0:59  Drone  
  18  1:09  Extractor  
  17  1:14  Spawning Pool  
  17  1:17  Drone  
  17  1:20  Drone  
  18  1:27  Drone  
  19  1:38  Drone  
  20  1:48  Overlord  
  20  2:00  Queen  
  24  2:01  Drone x2, Queen  
  26  2:11  Zergling x4  
  26  2:12  Metabolic Boost  
  28  2:21  Drone x2  
  30  2:36  Drone, Hatchery  
  30  2:43  Queen  
  32  2:47  Drone  
  32  2:49  Overlord  
  33  2:52  Drone  
  33  2:54  Zergling x2  
  33  2:56  Zergling x2  
  36  3:07  Queen  
  36  3:08  Overlord  
  36  3:09  Drone  
  36  3:11  Drone  
  40  3:13  Drone  
  40  3:15  Drone  
  40  3:17  Drone  
  40  3:19  Drone  
  44  3:27  Overlord  
  44  3:30  Drone  
  44  3:31  Queen  
  47  3:38  Drone  
  47  3:40  Drone  
  49  3:45  Zergling x4  
  49  3:46  Drone  
  49  3:47  Queen  
  54  3:54  Queen  
  54  3:55  Drone  
  56  3:57  Zergling x2  
  56  3:59  Drone  
  56  4:00  Drone  
  56  4:02  Spore Crawler  
  58  4:04  Drone  
  58  4:05  Drone  
  58  4:09  Drone, Evolution Chamber  
  59  4:13  Drone, Spore Crawler  
  59  4:16  Drone x2  
  61  4:21  Drone x2  
  61  4:23  Overlord  
  63  4:25  Drone  
  63  4:27  Drone  
  63  4:30  Overlord  
  65  4:33  Spore Crawler  
  65  4:34  Drone  
  65  4:38  Zerg Melee Weapons Level 1  
  65  4:40  Overlord  
  65  4:45  Zergling x4  
  65  4:46  Zergling x2  
  65  4:48  Drone x2  
  65  4:50  Drone  
  65  4:51  Drone  
  71  4:53  Drone  
  71  4:54  Drone  
  71  4:55  Drone  
  71  4:59  Spore Crawler  
  74  5:00  Drone  
  74  5:01  Drone  
  74  5:04  Drone x2  
  77  5:07  Zergling x4  
  77  5:10  Drone x2  
  77  5:11  Drone  
  82  5:17  Lair  
  82  5:18  Extractor, Drone x2  
  82  5:21  Drone  
  84  5:26  Drone  
  84  5:27  Drone  
  86  5:30  Drone  
  86  5:32  Hatchery  
  86  5:33  Drone x2  
  86  5:34  Queen  
  90  5:36  Extractor  
  90  5:37  Extractor, Overlord  
  90  5:39  Drone x2  
  90  5:43  Overlord  
  90  5:47  Overlord, Roach Warren  
  89  5:53  Zergling x4  
  89  5:54  Overlord  
  89  5:58  Drone x3  
  89  6:02  Drone  
  91  6:05  Drone x3  
  91  6:06  Extractor, Drone x2, Hatchery  
  91  6:07  Extractor  
  91  6:08  Drone  
  91  6:09  Zergling x4, Baneling Nest  
  95  6:20  Zergling x6  
  98  6:26  Drone x4  
  98  6:27  Drone  
  98  6:29  Drone, Glial Reconstitution  
  104  6:34  Zerg Melee Weapons Level 2  
  104  6:35  Drone x2  
  104  6:39  Overlord  
  106  6:44  Zergling x4  
  106  6:45  Zergling x4  
  110  6:48  Pneumatized Carapace  
  110  6:49  Zergling x6  
  110  6:53  Centrifugal Hooks  
  113  6:55  Overlord  
  113  6:58  Overlord  
  113  6:59  Zergling x8  
  115  7:04  Zergling x2  
  115  7:07  Zergling x2  
  115  7:10  Overlord  
  115  7:15  Overlord  
  115  7:16  Roach x3  
  115  7:18  Roach x3, Queen  
  115  7:20  Roach x2  
  135  7:22  Roach  
  135  7:26  Roach x3, Spore Crawler  
  135  7:27  Overlord  
  135  7:29  Roach  
  141  7:35  Roach  
  141  7:36  Roach  
  145  7:38  Overlord  
  145  7:40  Overlord  
  145  7:42  Roach x2  
  145  7:43  Roach x2  
  153  7:45  Zergling x4  
  153  7:47  Roach x2  
  153  7:50  Zergling x6  
  161  7:52  Zergling x4  
  161  7:54  Zergling x2  
  161  7:57  Zergling x2  
  165  8:01  Zergling x8  
  165  8:02  Overlord  
  165  8:05  Overlord, Queen  
  171  8:11  Ravager x5  
  171  8:12  Zergling x10  
  181  8:20  Baneling x16  
  181  8:23  Baneling x13  
  181  8:24  Zergling x12  
  187  8:27  Zergling x4  
  187  8:28  Zergling x2  
  187  8:31  Zergling x2  
  191  8:34  Baneling x10  
  191  8:37  Zergling x6  
  192  8:44  Zergling x16  
  192  8:46  Overlord  
  190  8:50  Roach, Zergling x6  
  190  8:54  Roach, Zergling x4  
  175  8:59  Zergling x2  
Tags
 
Add a new tag
Caveats
  • Supply blocks, unpowered buildings, or Contaminate may cause inaccurate times.
  • Supply counts are checked every 10 seconds.